 Dungeon Crawl Stone Soup version 0.19.1 (webtiles) character file.

2 JGreham the Skirmisher (level 1, -10/18 HPs)
             Began as a Formicid Abyssal Knight on Dec 23, 2016.
             Was an Initiate of Lugonu.
             Mangled by a white ugly thing (20 damage)
             ... on level 15 of the Dungeon.
             The game lasted 00:02:25 (224 turns).

JGreham the Skirmisher (Formicid Abyssal Knight)     Turns: 224, Time: 00:02:26

Health: -10/18     AC:  8    Str: 16    XL:     1   Next: 44%
Magic:  2/2        EV:  7    Int: 11    God:    Lugonu [......]
Gold:   13         SH:  0    Dex: 10    Spells: 0 memorised, 0 levels left

rFire  . . .     SeeInvis +     a - +1 falchion
rCold  . . .     Gourm    .     f - +0 chain mail
rNeg   . . .     Faith    .     (no shield)
rPois  .         Spirit   .     (helmet unavailable)
rElec  .         Reflect  .     (no cloak)
rCorr  .         Harm     .     (no gloves)
MR     .....                    (no boots)
Stlth  ..........               (no amulet)
                                (no ring)
                                (no ring)

@: no status effects
A: permanent stasis, dig shafts and tunnels, four strong arms, antennae 3
a: Dig, Shaft Self, Renounce Religion


You were on level 15 of the Dungeon.
You worshipped Lugonu.
Lugonu was noncommittal.
You were not hungry.

You visited 1 branch of the dungeon, and saw 8 of its levels.
You visited the Abyss 1 time.

You collected 13 gold pieces.

Inventory:

Hand Weapons
 a - a +1 falchion (weapon)
Missiles
 g - 12 arrows
Armour
 b - a +0 leather armour
 f - a +0 chain mail (worn)
Scrolls
 d - a scroll of teleportation {unknown}
 e - 2 scrolls of identify {unknown}
Comestibles
 c - a bread ration


   Skills:
 + Level 3.4 Fighting
 + Level 2.0 Long Blades
 + Level 2.1 Armour
 + Level 1.0 Dodging
 + Level 2.1 Invocations


You couldn't memorise any spells.
You didn't know any spells.

Dungeon Overview and Level Annotations

Branches:
Dungeon (3/15)

Altars:

Annotations:
D:6 Prince Ribbit


Innate Abilities, Weirdness & Mutations

You are under a permanent stasis effect.
You can dig through walls and to a lower floor.
Your four strong arms can wield two-handed weapons with a shield.
You have a pair of large antennae on your head. (SInv)


Message History

The slime creature barely misses you.
The slime creature hits you but does no damage.
A shaft appears beneath you!
You fall through a shaft for 3 floors!
The shaft crumbles and collapses.
Beware, you cannot shaft yourself on this level.
You start resting.
HP restored.
You can't shaft yourself on this level.
Unknown command.
Found a scale mail.
e - 2 scrolls labeled EFAETA ZIKEN (gained 1)
Found a scroll labeled EFAETA ZIKEN.
A white ugly thing comes into view. 2 ugly things come into view.
The white ugly thing gurgles horribly! x2
You see here a scale mail.
The white ugly thing headbutts you! The white ugly thing freezes you!!
Ouch! That really hurt!
You die...

#.# #. .# #.# #.#.##
#.# #?u..
######.#### #...#
..........######.u.#
######.............#
####.#######u.#
#....####u.######
####....@........
#.####..#####. #.#
#..# #### ... #..#
.... .... .... ####
#..... ...## #.....
#### #.....#


You could see 4 ugly things.

Vanquished Creatures
  An orc (D:3)
  A rat (D:3)
2 creatures vanquished.

Notes
Turn   | Place    | Note
-------+----------+-------------------------------------------
     0 | Abyss:1  | JGreham the Formicid Abyssal Knight began the quest for the Orb.
     0 | Abyss:1  | Reached XP level 1. HP: 18/18 MP: 2/2
     0 | D:1      | Escaped the Abyss
     8 | D:2      | Found a faded altar of an unknown god.
    37 | D:2      | You fall through a shaft!
    51 | D:3      | Reached skill level 1 in Dodging
    74 | D:3      | You fall through a shaft for 3 floors!
    74 | D:6      | Noticed Prince Ribbit
    77 | D:6      | You fall through a shaft for 2 floors!
    80 | D:8      | You fall through a shaft for 2 floors!
    80 | D:10     | Entered Level 10 of the Dungeon
    83 | D:10     | You fall through a shaft for 2 floors!
    83 | D:12     | Noticed a slime creature
    83 | D:12     | Noticed a slime creature
    83 | D:12     | Noticed a slime creature
    83 | D:12     | Noticed a slime creature
    83 | D:12     | Noticed a slime creature
    87 | D:12     | You fall through a shaft for 3 floors!
    87 | D:15     | Entered Level 15 of the Dungeon
   218 | D:15     | Noticed a white ugly thing
   219 | D:15     | Noticed a white ugly thing
   219 | D:15     | Noticed a white ugly thing
   224 | D:15     | Mangled by a white ugly thing

Skill      XL: |  1 |
---------------+----+-----
Dodging        | 1 |  1.0
Fighting       | |  3.4
Long Blades    | |  2.0
Armour         | |  2.1
Invocations    | |  2.1

Action                   || total
-------------------------++-------
Melee: Falchion          ||    10
Invok: Depart the Abyss  ||     1
 Abil: Shaft Self        ||     6
Armor: Leather armour    ||     2
       Chain mail        ||     1
Dodge: Dodged            ||    11
       Rpst.: Falchion   ||     4
